 Dungeon Crawl Stone Soup version 0.24.0-123-gd5b16e6ec5 (webtiles) character file.

Game seed: 15624925996716044439, levelgen mode: deterministic

1942 Jynx the Basher (level 8, -2/67 HPs)
             Began as a Minotaur Fighter on Jan 18, 2020.
             Was an Initiate of Okawaru.
             Slain by a black bear (3 damage)
             ... on level 6 of the Dungeon.
             The game lasted 00:08:09 (5432 turns).

Jynx the Basher (Minotaur Fighter)                  Turns: 5432, Time: 00:08:10

Health: -2/67      AC: 10    Str: 17 (20) XL:     8   Next: 98%
Magic:  7/7        EV:  7    Int:  7 (10) God:    Okawaru [......]
Gold:   241        SH:  0    Dex: 12 (13) Spells: 7/7 levels left

rFire    . . .     SeeInvis .   a - +0 flail
rCold    + . .     Gourm    .   (no shield)
rNeg     . . .     Faith    .   e - +0 chain mail
rPois    .         Spirit   .   (helmet restricted)
rElec    .         Reflect  .   (no cloak)
rCorr    .         Harm     .   m - +0 pair of gloves
MR       .....                  (no boots)
Stlth    ..........             (no amulet)
HPRegen  0.21/turn              v - ring of protection from cold
MPRegen  0.10/turn              (no ring)

@: brilliant, lethally poisoned (-2 -> -4)
A: retaliatory headbutt, horns 2
a: Renounce Religion


You were on level 6 of the Dungeon.
You worshipped Okawaru.
Okawaru was noncommittal.
You were not hungry.

You visited 2 branches of the dungeon, and saw 7 of its levels.

You collected 241 gold pieces.

Inventory:

Hand Weapons
 a - a +0 flail (weapon)
Armour
 c - a +0 shield
 e - a +0 chain mail (worn)
 m - a +0 pair of gloves (worn)
Jewellery
 j - an uncursed amulet of harm
 v - a ring of protection from cold (left hand)
 y - an uncursed ring of ice
Scrolls
 g - a scroll of enchant armour {unknown}
 h - 7 scrolls of remove curse
 i - 4 scrolls of amnesia {unknown}
 n - a scroll of torment {unknown}
 o - 3 scrolls of teleportation {unknown}
 p - a scroll of fog {unknown}
 r - 3 scrolls of enchant weapon {unknown}
 A - a scroll of fear {unknown}
Potions
 b - 2 potions of lignification
 k - a potion of ambrosia {unknown}
 l - a potion of cancellation {unknown}
 q - a potion of flight {unknown}
 s - a potion of heal wounds {unknown}
 t - a potion of agility {unknown}
 u - a potion of invisibility {unknown}
 w - a potion of degeneration
 x - 2 potions of brilliance
 z - a potion of magic {unknown}
Comestibles
 d - 7 chunks of flesh
 f - 9 rations


   Skills:
 + Level 4.4 Fighting
 * Level 13.1 Maces & Flails
 + Level 4.4 Armour
 - Level 3.6 Shields


You had 7 spell levels left.
You didn't know any spells.
Your spell library contained the following spells:

 Spells                   Type           Power        Failure   Level  Hunger
 Beastly Appendage        Tmut           #.....       50%         1    ##.....
 Sticks to Snakes         Tmut           #.......     63%         2    ###....
 Spider Form              Tmut/Pois      #.........   82%         3    ####...
 Ice Form                 Ice/Tmut       #.......     99%         4    #####..
 Blade Hands              Tmut           #.........   100%        5    ######.


Dungeon Overview and Level Annotations

Branches:
Dungeon (6/15)             Temple (1/1) D:6

Altars:
Ashenzari
Dithmenos
Elyvilon
Fedhas
Gozag
Makhleb
Nemelex Xobeh
Okawaru
Qazlal
Ru
Uskayaw
Vehumet
Wu Jian
Xom
Yredelemnul
Zin


Innate Abilities, Weirdness & Mutations

You reflexively headbutt those who attack you in melee.
You have a pair of horns on your head.


Message History

You feel sick.
You feel sick.
You feel sick.
You feel sick.
You feel sick. The black bear bites you.
* * * LOW HITPOINT WARNING * * *
The black bear claws you.
* * * LOW HITPOINT WARNING * * *
The black bear claws you but does no damage.
It was a potion of brilliance.
You feel clever all of a sudden.
* * * LOW HITPOINT WARNING * * *
You feel sick.
Okay, then.
Okay, then.
It was a potion of degeneration.
There was something very wrong with that liquid.
You feel weakened.
You feel dopey.
You feel clumsy. The black bear bites you.
You die...

.#...####.####...#.#......#
........#.####.##..#......#
..................##......#
..........#.#...####>.....#
..............###.........#
..........####..##......#
.>........####.###......#
.........#.##.......###.##
..........@.....#######.###
.........h..#### #.....
......>.<..# ####..... .
.>.#.........# ###........ .o
..##.........####...##.....
.....##....)....##...######.##
.....##.)..)........#######.##
.#...#..).).......).###.......
#
......).............##.......P


You could see a black bear.

Vanquished Creatures
  Grinder (D:6)
  Prince Ribbit (D:5)
  Sigmund (D:3)
  A water moccasin (D:5)
  A black bear (D:6)
  2 ogres
  2 bullfrogs (D:6)
  Blork the orc (D:4)
  A scorpion (D:5)
  A crimson imp (D:6)
  A bullfrog zombie (D:6)
  A hound (D:5)
  Crazy Yiuf (D:3)
  2 orc priests
  A centaur skeleton (D:4)
  9 orc wizards
  A gnoll shaman (D:5)
  6 worker ants
  A hound skeleton (D:4)
  3 adders
  3 gnolls (D:5)
  A shadow imp (D:6)
  An ooze (D:6)
  5 dart slugs
  A leopard gecko (D:2)
  14 orcs
  A ball python (D:1)
  5 bats
  7 giant cockroaches
  14 goblins
  3 hobgoblins
  2 quokkas
  2 frilled lizards
  7 kobolds
  4 rats
108 creatures vanquished.

Notes
Turn   | Place    | Note
-------+----------+-------------------------------------------
     0 | D:1      | Jynx the Minotaur Fighter began the quest for the Orb.
     0 | D:1      | Reached XP level 1. HP: 19/19 MP: 0/0
   121 | D:1      | Reached skill level 3 in Maces & Flails
   155 | D:1      | Reached XP level 2. HP: 26/26 MP: 1/1
   579 | D:1      | Reached skill level 4 in Maces & Flails
   866 | D:2      | Reached XP level 3. HP: 22/31 MP: 2/2
  1681 | D:3      | Noticed Sigmund
  1702 | D:3      | Killed Sigmund
  1702 | D:3      | Reached skill level 6 in Maces & Flails
  1702 | D:3      | Reached XP level 4. HP: 12/39 MP: 3/3
  1702 | D:3      | Reached XP level 5. HP: 14/45 MP: 4/4
  1716 | D:3      | Reached skill level 7 in Maces & Flails
  1921 | D:3      | Found a runed translucent door.
  1922 | D:3      | Noticed Crazy Yiuf
  2317 | D:3      | Killed Crazy Yiuf
  2570 | D:4      | Reached XP level 6. HP: 49/51 MP: 5/5
  2644 | D:4      | Reached skill level 8 in Maces & Flails
  2725 | D:4      | Noticed Blork the orc
  2731 | D:4      | Killed Blork the orc
  3134 | D:4      | Reached skill level 9 in Maces & Flails
  3287 | D:5      | Entered Level 5 of the Dungeon
  3499 | D:5      | Reached XP level 7. HP: 50/57 MP: 6/6
  3712 | D:5      | Reached skill level 10 in Maces & Flails
  4181 | D:5      | Reached skill level 11 in Maces & Flails
  4224 | D:5      | Found a hide-covered altar of Uskayaw.
  4238 | D:5      | Reached XP level 8. HP: 54/64 MP: 7/7
  4593 | D:6      | Noticed Prince Ribbit
  4595 | D:6      | Noticed Grinder
  4971 | D:5      | Killed Prince Ribbit
  5084 | D:6      | Paralysed by Grinder for 3 turns
  5090 | D:6      | Killed Grinder
  5090 | D:6      | Reached skill level 12 in Maces & Flails
  5249 | D:6      | Found a sacrificial altar of Ru.
  5249 | D:6      | Found an ornate altar of the Wu Jian Council.
  5304 | D:6      | Found a staircase to the Ecumenical Temple.
  5311 | Temple   | Entered the Ecumenical Temple
  5317 | Temple   | Became a worshipper of Warmaster Okawaru
  5385 | D:6      | Reached skill level 13 in Maces & Flails
  5429 | D:6      | HP: 2/67 [black bear (2)]
  5432 | D:6      | Slain by a black bear

Levels and vault maps discovered:
D:1:      tarquinn_simple_flora_water_f, layout_basic
D:2:      layout_loops_ring
D:3:      layout_rooms, first_ration, uniq_crazy_yiuf_cottage, uniq_sigmund
D:4:      kennysheep_the_goblin_king, layout_loops_ring, kennysheep_nub,
          uniq_blork_the_orc
D:5:      layout_rooms, eat_drink_and_be_merry_uskayaw,
          minmay_a_box_with_orc_wizards_in_it
D:6:      layout_rooms, kennysheep_mini_moat, gammafunk_temple_overflow_wave,
          minmay_temple_entry_gardened_gates, uniq_grinder, uniq_prince_ribbit1
Temple:   nicolae_temple_x_marks_the_god

Skill      XL: |  1  2  3  4  5  6  7  8 |
---------------+-------------------------+-----
Maces & Flails | 3 4 6 7 9 11 13 | 13.1
Fighting       | 4 |  4.4
Armour         | 4 |  4.4
Shields        | |  3.6

Action                   |  1- 3 |  4- 6 |  7- 9 || total
-------------------------+-------+-------+-------++-------
Melee: Flail             |    83 |   104 |   157 ||   344
       Headbutt          |    11 |    17 |    28 ||    56
  Use: Scroll            |     2 |       |     3 ||     5
       Potion            |     1 |     2 |     5 ||     8
  Eat: Chunk             |     2 |     6 |     6 ||    14
Armor: Chain mail        |    51 |    49 |    95 ||   195
       Scale mail        |     2 |       |       ||     2
Dodge: Dodged            |    25 |    35 |    58 ||   118
